 Dungeon Crawl Stone Soup version 0.28-a0-1038-g9c4cb8273d (webtiles) character file.

Game seed: 4458770913292777226

523 yoda5477 the Slasher (level 7, 37/52 HPs)
             Began as a Demonspawn Fighter on Dec 8, 2021.
             Quit the game on level 5 of the Dungeon.
             The game lasted 00:27:53 (5056 turns).

yoda5477 the Slasher (Demonspawn Fighter)           Turns: 5056, Time: 00:27:54

Health: 37/52      AC: 13    Str: 19    XL:     7   Next: 2%
Magic:  7/7        EV: 11    Int:  9    God:
Gold:   210        SH:  4    Dex: 12    Spells: 6/6 levels left

rFire   . . .      SeeInvis .   a - +0 long sword
rCold   . . .      Faith    .   c - +0 buckler
rNeg    + . .      Spirit   .   p - +0 chain mail
rPois   .          Reflect  .   (no helmet)
rElec   .          Harm     .   (no cloak)
rCorr   .          Rampage  .   (no gloves)
Will    .....                   q - +0 pair of boots
Stlth   ..........              (no amulet)
HPRegen 0.17/turn               e - ring of positive energy
MPRegen 0.20/turn               m - +4 ring of evasion

@: no status effects
A: molten scales 2, demonic guardian 1, magic regeneration, demonic touch 1
a: no special abilities


You were on level 5 of the Dungeon.
You visited 1 branch of the dungeon, and saw 5 of its levels.

You collected 210 gold pieces.

Inventory:

Hand Weapons
 a - a +0 long sword (weapon)
 b - a +2 hunting sling of freezing
Missiles
 g - 64 arrows
 h - 108 stones (quivered)
 k - 14 bolts
 v - 12 sling bullets
Armour
 c - a +0 buckler (worn)
 l - a +0 kite shield
 p - a +0 chain mail (worn)
 q - a +0 pair of boots (worn)
 u - a +0 scale mail
Jewellery
 e - a ring of positive energy (left hand)
 i - a ring of protection from fire
 m - a +4 ring of evasion (right hand)
 n - a ring of protection from cold
 t - a +6 ring of intelligence
Wands
 x - a wand of digging (4)
 z - a wand of polymorph (5)
Scrolls
 f - a scroll of teleportation
 j - 2 scrolls of identify
 s - a scroll of blinking {unknown}
 y - a scroll of immolation {unknown}
Potions
 d - a potion of might
 o - a potion of lignification {unknown}
 r - a potion of curing {unknown}
 w - a potion of heal wounds {unknown}
 A - a potion of flight {unknown}


   Skills:
 - Level 3.0 Fighting
 * Level 6.4 Long Blades
 + Level 0.2 Slings
 - Level 2.6 Armour
 * Level 3.8 Shields


You had 6 spell levels left.
You didn't know any spells.
Your spell library contained the following spells:

 Spells                   Type           Power      Damage    Failure   Level
 Freeze                   Ice            0%         1d3       99%         1
 Frozen Ramparts          Ice            0%         1d2       100%        3
 Hailstorm                Conj/Ice       0%         3d3       100%        4


Dungeon Overview and Level Annotations

Branches:
Dungeon (5/15)
 Temple: D:4-7

Altars:

Shops:
D:1 !

Annotations:
D:3 Sigmund
D:4 4 runed translucent doors, exclusion: 4 doors, Athor's ghost, amateur FoBr; Crazy Yiuf


Innate Abilities, Weirdness & Mutations

You are mostly covered in molten scales. (AC +3)
A weak demonic guardian rushes to your aid.
You regenerate magic rapidly.
Your touch may inflict minor irresistible damage on your foes.


Message History

HP restored.
You climb downwards.
There is a stone staircase leading up here.
The black bear bites you but does no damage.
You block the black bear's attack. The black bear barely misses you.
You barely miss the black bear. The black bear barely misses you.
You block the black bear's attack. The black bear claws you.
A demonic guardian appears!
You closely miss the black bear. The black bear bites you.
The black bear claws you but does no damage. x2
You slash the black bear!
The black bear is moderately wounded.
The black bear closely misses you. You block the black bear's attack.
The black bear claws you but does no damage.
Your white imp gestures at the black bear.
The puff of frost hits the black bear!
The black bear goes berserk!
You catch the helpless black bear completely off-guard!
You hit the black bear but do no damage.
The black bear is severely wounded.
The black bear closely misses you. The black bear misses you.
You block the black bear's attack.
You hit the black bear but do no damage.
The black bear is severely wounded.
The black bear bites you! The black bear claws you.
You block the black bear's attack.
Your white imp hits the black bear but does no damage.
The black bear barely misses you. The black bear misses you.
The black bear closely misses you.
You slash the black bear!
The black bear is almost dead.
The black bear barely misses you.
The black bear claws you but does no damage. x2
Your white imp barely misses the black bear.
You slash the black bear!
You kill the black bear!
You have reached level 7!
Your demonic ancestry asserts itself...
Your hands begin to faintly glow with unholy energy.
Your movement speed is average.
Your attack delay is about 1.0.
Are you sure you want to abandon this character and quit the game? (Confirm with "yes".)

...#.. ..)...
......###
........# ###
........#####...#
.........##<...#
..............##
....#......###
........@...#
........5####
..........
...........
..........#.
...#......###
.####...... ##
......#


You could see a friendly white imp (summoned).

Vanquished Creatures
  A black bear (D:5)
  An ogre (D:5)
  A scorpion (D:4)
  A hound (D:4)
  2 orc wizards (D:4)
  Robin (D:2)
  5 adders
  2 gnolls (D:1)
  2 ufetubi
  An adder skeleton (D:4)
  3 worms
  A dart slug (D:1)
  9 orcs
  7 ball pythons
  9 endoplasms
  A giant cockroach (D:2)
  14 goblins
  16 hobgoblins
  3 jackals (D:2)
  2 quokkas
  4 bats
  3 frilled lizards
  5 kobolds
  A rat (D:2)
95 creatures vanquished.

Notes
Turn   | Place    | Note
-------+----------+-------------------------------------------
     0 | D:1      | yoda5477 the Demonspawn Fighter began the quest for the
                  | Orb.
     0 | D:1      | Reached XP level 1. HP: 18/18 MP: 1/1
   118 | D:1      | Reached skill level 2 in Long Blades
   118 | D:1      | Gained mutation: You are partially covered in molten
                  | scales. (AC +2) [demonic ancestry]
   118 | D:1      | Reached XP level 2. HP: 24/24 MP: 2/2
   318 | D:1      | Reached XP level 3. HP: 26/29 MP: 3/3
   659 | D:1      | Found Hiud's Distillery.
   876 | D:1      | Reached skill level 3 in Long Blades
  1219 | D:2      | Gained mutation: A weak demonic guardian rushes to your
                  | aid. [demonic ancestry]
  1219 | D:2      | Reached XP level 4. HP: 34/35 MP: 4/4
  1948 | D:3      | Noticed Sigmund
  2136 | D:3      | Reached skill level 4 in Long Blades
  2317 | D:5      | Entered Level 5 of the Dungeon
  2389 | D:3      | Gained mutation: You are mostly covered in molten scales.
                  | (AC +3) [demonic ancestry]
  2389 | D:3      | Reached XP level 5. HP: 36/41 MP: 5/5
  2439 | D:3      | Noticed Robin
  2707 | D:2      | Killed Robin
  3169 | D:5      | Noticed an ogre
  3530 | D:4      | Identified a scroll of acquirement
  3530 | D:4      | Acquired a ring of positive energy
  3658 | D:4      | Found a runed translucent gate.
  3658 | D:4      | Found a runed translucent gate.
  3658 | D:4      | Found a runed translucent gate.
  3659 | D:4      | Noticed Athor's ghost (amateur FoBr)
  3888 | D:4      | Found a runed translucent door.
  3889 | D:4      | Noticed Crazy Yiuf
  4281 | D:4      | Reached skill level 5 in Long Blades
  4281 | D:4      | Gained mutation: You regenerate magic rapidly. [demonic
                  | ancestry]
  4281 | D:4      | Reached XP level 6. HP: 13/47 MP: 6/6
  4973 | D:4      | Reached skill level 6 in Long Blades
  5056 | D:5      | Gained mutation: Your touch may inflict minor irresistible
                  | damage on your foes. [demonic ancestry]
  5056 | D:5      | Reached XP level 7. HP: 37/52 MP: 7/7
  5056 | D:5      | Quit the game

Illustrated notes

Levels and vault maps discovered:
D:1:      saegor_arrival_under_anarchy, layout_loops_ring, serial_shops, shop,
          minmay_heptomino_w4
D:2:      minmay_chambers_of_ones, layout_basic, guppyfry_early_orc_mine
D:3:      layout_basic, minivault_11, uniq_sigmund, uniq_robin
D:4:      layout_basic, ebering_ghost_rock_garden, uniq_crazy_yiuf_cottage
D:5:      layout_cave_pools, tso_altar, nicolae_overflow_hidden_temple,
          lemuel_temple_firewalk_a

Skill      XL: |  1  2  3  4  5  6 |
---------------+-------------------+-----
Long Blades    | 2 3 4 5 6 |  6.4
Shields        | 3 |  3.8
Fighting       | |  3.0
Slings         | |  0.2
Armour         | |  2.6

Action                   |  1- 3 |  4- 6 |  7- 9 || total
-------------------------+-------+-------+-------++-------
Melee: Long sword        |    73 |   252 |       ||   325
 Fire: Hunting sling     |       |     4 |       ||     4
Throw: Stone             |       |    29 |       ||    29
  Use: Scroll            |       |     5 |       ||     5
 Stab: Distracted        |       |     1 |       ||     1
Armor: Scale mail        |    31 |    16 |       ||    47
       Chain mail        |       |   118 |       ||   118
Dodge: Dodged            |    43 |   133 |       ||   176
Block: Buckler           |    10 |    58 |       ||    68

Table legend: (Time is in decaauts)
 A = Elapsed time spent in this place.
 B = Non-inter-level travel time spent in this place.
 C = Inter-level travel time spent in this place.
 D = Time resting spent in this place.
 E = Time spent auto-exploring this place.
 F = Levels seen in this place.
 G = Mean time per level.
                   A        B        C        D        E       F      G
               +--------+--------+--------+--------+--------+-----+--------+
         Total |   5147 |   4769 |    378 |   1005 |   1915 |   5 | 1029.4 |
       Dungeon |   5147 |   4769 |    378 |   1005 |   1915 |   5 | 1029.4 |
               +--------+--------+--------+--------+--------+-----+--------+

Top non-repeatable levels by time:
     D:4: 1935 daAuts
     D:2: 1166 daAuts
     D:1: 1034 daAuts
     D:3: 877 daAuts
     D:5: 132 daAuts
